 Dungeon Crawl Stone Soup version 0.29-a0-615-gdeedd76f10 (webtiles) character file.

Game seed: 10995096037606691575

4 Nedwor the Grave Robber (level 1, 0/13 HPs)
             Began as a Demonspawn Necromancer on June 17, 2022.
             Constricted to death by a ball python (1 damage)
             ... on level 1 of the Dungeon.
             The game lasted 00:00:44 (176 turns).

Nedwor the Grave Robber (Demonspawn Necromancer)     Turns: 176, Time: 00:00:45

Health: 0/13       AC:  2    Str:  8    XL:     1   Next: 50%
Magic:  3/3        EV:  9    Int: 16    God:
Gold:   0          SH:  0    Dex: 13    Spells: 3/4 levels left

rFire   . . .      SeeInvis .   (no weapon)
rCold   . . .      Faith    .   (no shield)
rNeg    . . .      Spirit   .   a - +0 robe
rPois   .          Reflect  .   (no helmet)
rElec   .          Harm     .   (no cloak)
rCorr   .          Rampage  .   (no gloves)
Will    .....                   (no boots)
Stlth   ++........              (no amulet)
HPRegen 0.04/turn               (no ring)
MPRegen 0.08/turn               (no ring)

@: constricted
A: no striking features
a: no special abilities


You were on level 1 of the Dungeon.
You visited 1 branch of the dungeon, and saw 1 of its levels.

Inventory:

Armour
 a - a +0 robe (worn)
Scrolls
 c - a scroll of identify {unknown}
Potions
 b - a potion of magic


   Skills:
 + Level 1.8 Dodging
 + Level 1.9 Stealth
 + Level 2.0 Spellcasting
 + Level 4.4 Necromancy


You had 3 spell levels left.
You knew the following spells:

 Your Spells              Type           Power      Damage    Failure   Level
a - Necrotize             Necr           60%        1d7       3%          1

Your spell library contained the following spells:

 Spells                   Type           Power      Damage    Failure   Level
 Vampiric Draining        Necr           15%        2d7       10%         3
 Animate Dead             Necr           15%        N/A       32%         4
 Agony                    Necr           15%        N/A       67%         5


Dungeon Overview and Level Annotations

Branches:
Dungeon (1/15)

Altars:


Message History

The hobgoblin hits your hobgoblin skeleton.
Your hobgoblin skeleton hits the hobgoblin.
The hobgoblin hits your hobgoblin skeleton.
Your hobgoblin skeleton misses the hobgoblin.
The hobgoblin hits your hobgoblin skeleton.
Your hobgoblin skeleton is destroyed!
A hobgoblin comes into view.
The hobgoblin shouts!
The hobgoblin hits you. The hobgoblin attacks as you move away!
The hobgoblin hits you. The ball python barely misses you.
The ball python grabs you. The ball python constricts you.
The hobgoblin barely misses you.
The hobgoblin hits you but does no damage.
You escape the ball python's grasp.
The hobgoblin attacks as you move away! The hobgoblin barely misses you.
The ball python bites you. The ball python grabs you.
The ball python constricts you. The hobgoblin closely misses you.
You escape the ball python's grasp.
The hobgoblin attacks as you move away! The hobgoblin barely misses you.
The ball python closely misses you. The ball python grabs you.
The ball python constricts you.
You escape the ball python's grasp.
The hobgoblin attacks as you move away! The hobgoblin misses you.
There is a stone staircase leading down here.
The ball python attacks as you move away!
The ball python completely misses you. The hobgoblin attacks as you move away!
The hobgoblin misses you.
The ball python attacks as you move away!
The ball python bites you but does no damage.
The ball python closely misses you. The ball python barely misses you.
The ball python grabs you. The ball python constricts you.
You escape the ball python's grasp.
The hobgoblin attacks as you move away! The hobgoblin hits you.
* * * LOW HITPOINT WARNING * * *
You hit the ball python.
The ball python is severely wounded.
The ball python bites you.
* * * LOW HITPOINT WARNING * * *
The ball python grabs you. The ball python constricts you.
You die...

....... ......( ..
....... #. ..... +.
.. ... #. .##
#'##.#####..##
#..#.........##
##.#..........#
#.#...@...# .##
#.#...Sg..# ...##..#
#.#...g..## ......#
#.#......# .....#
#.##.....## ##....#
#.##......# ##.....#
#.##......###......#
#.....>.#.)........#
#.......+.###....<.#


You could see 2 hobgoblins and a ball python.

Vanquished Creatures
  An endoplasm (D:1)
  A goblin (D:1)
  A hobgoblin (D:1)
3 creatures vanquished.

Notes
Turn   | Place    | Note
-------+----------+-------------------------------------------
     0 | D:1      | Nedwor the Demonspawn Necromancer began the quest for the
                  | Orb.
     0 | D:1      | Reached XP level 1. HP: 13/13 MP: 3/3
   176 | D:1      | Constricted to death by a ball python

Illustrated notes

Levels and vault maps discovered:
D:1:      elethiomel_arrival_shortcut, layout_basic, minmay_misc_feat_doors

Action                   || total
-------------------------++-------
Melee: Unarmed           ||    11
 Cast: Necrotize         ||     5
Armor: Robe              ||     2
Dodge: Dodged            ||    19

Table legend: (Time is in decaauts)
 A = Elapsed time spent in this place.
 B = Non-inter-level travel time spent in this place.
 C = Inter-level travel time spent in this place.
 D = Time resting spent in this place.
 E = Time spent auto-exploring this place.
 F = Levels seen in this place.
 G = Mean time per level.
                   A        B        C        D        E       F      G
               +--------+--------+--------+--------+--------+-----+--------+
         Total |    176 |    176 |      0 |     13 |     98 |   1 |  176.0 |
       Dungeon |    176 |    176 |      0 |     13 |     98 |   1 |  176.0 |
               +--------+--------+--------+--------+--------+-----+--------+

Top non-repeatable levels by time:
     D:1: 176 daAuts
